 Dungeon Crawl Stone Soup version 0.31-a0-516-gfcb59812bd (webtiles) character file.

Game seed: 8812110957450359120

13281 AIAndy the Blocker (level 12, -10/91 HPs)
             Began as a Gnoll Wanderer on Aug 10, 2023.
             Was the Champion of Jiyva.
             Killed by divine providence
             ... invoked by a meliai
              (16 damage)
             ... on level 13 of the Dungeon.
             The game lasted 00:56:51 (8783 turns).

AIAndy the Blocker (Gnoll Wanderer)                 Turns: 8783, Time: 00:56:52

Health: -10/91     AC: 24    Str: 15    XL:     12   Next: 4%
Magic:  7/7        EV: 14    Int: 13    God:    Jiyva [******]
Gold:   522        SH:  8    Dex: 20    Spells: 25/25 levels left

rFire   . . .        V - +5 demon whip "Spellbinder" {antimagic, disrupt, Will+}
rCold   + . .        b - +0 buckler {AC+3}
rNeg    . . .        I - +3 chain mail {rC+}
rPois   .            (helmet restricted)
rElec   .            B - scarf {repulsion}
rCorr   +            (no gloves)
SInv    .            y - +0 pair of boots {rampage}
Will    +++..        (no amulet)
Stlth   +++++        Y - +4 ring of slaying
HPRegen 1.95/turn    T - ring "Luhotzeg" {Will++ Dex+6}
MPRegen 0.60/turn

%: repel missiles, rampage
@: no status effects
A: fangs 1, strong nose, distributed training, antennae 1, iridescent scales 3,
thin skeletal structure 1, eyeballs 1, translucent skin 2, jelly absorbing
missiles, sturdy frame 3
a: Renounce Religion, Oozemancy, Slimify


You were on level 13 of the Dungeon.
You worshipped Jiyva.
Jiyva was exalted by your worship.
You visited 1 branch of the dungeon, and saw 13 of its levels.

You collected 708 gold pieces.
You spent 186 gold pieces at shops.


Innate Abilities, Weirdness & Mutations

You have very sharp teeth.
Your uncanny sense of smell can sniff out nearby items.
Your experience applies equally to all skills.
You have a pair of small antennae on your head.
You are completely covered in iridescent scales. (AC +6)
You have a somewhat thin skeletal structure. (Dex +2, Stealth+)
Your body has grown eyes which may confuse attackers. (Acc +3)
Your translucent skin reduces your foes' accuracy. (Stealth+)
You have a small jelly attached to you that may absorb projectiles.
Your movements are significantly less encumbered by armour. (ER -6)


   Skills:
 + Level 7.5 Fighting
 + Level 7.0 Short Blades
 + Level 7.0 Long Blades
 + Level 7.0 Axes
 + Level 8.4 Maces & Flails
 + Level 7.0 Polearms
 + Level 7.0 Staves
 + Level 7.0 Ranged Weapons
 + Level 7.0 Throwing
 + Level 9.7 Armour
 + Level 7.0 Dodging
 + Level 7.0 Stealth
 + Level 11.0 Shields
 + Level 7.0 Unarmed Combat
 + Level 7.0 Spellcasting
 + Level 5.8 Conjurations
 + Level 5.8 Hexes
 + Level 5.8 Summonings
 + Level 5.8 Necromancy
 + Level 5.8 Translocations
 + Level 5.8 Transmutations
 + Level 5.8 Fire Magic
 + Level 5.8 Ice Magic
 + Level 5.8 Air Magic
 + Level 5.8 Earth Magic
 + Level 5.8 Poison Magic
 + Level 7.7 Invocations
 + Level 7.0 Evocations
 + Level 5.8 Shapeshifting


You had 25 spell levels left.
You didn't know any spells.
Your spell library contained the following spells:

 Spells                   Type           Power      Damage    Failure   Level
 Freeze                   Ice            76%        1d8       3%          1
 Cigotuvi's Dreadful Rot  Necr/Pois/Air  38%        N/A       4%          2
 Frozen Ramparts          Ice            38%        1d6       10%         3
 Hailstorm                Conj/Ice       19%        3d6       10%         3
 Tukima's Dance           Hex            19%        N/A       10%         3
 Dispel Undead            Necr           19%        3d11      32%         4
 Passage of Golubria      Tloc           19%        N/A       32%         4
 Summon Forest            Summ/Tloc      9%         N/A       67%         5
 Summon Mana Viper        Hex/Summ       19%        N/A       67%         5
 Yara's Violent Unravell  Hex/Tmut       9%         3d6       67%         5
 Death Channel            Necr           9%         N/A       99%         6
 Summon Cactus Giant      Summ           9%         N/A       99%         6

Inventory:

Hand Weapons
 s - a +1 arbalest of freezing
 D - a +3 battleaxe of freezing
 K - a +2 scimitar of freezing
 V - the +5 demon whip "Spellbinder" (weapon) {antimagic, disrupt, Will+}
   (You found it on level 11 of the Dungeon)

   Will+:     It increases your willpower.
 X - a +4 eveningstar
Missiles
 m - 7 atropa-tipped darts
 q - 10 boomerangs
 r - 8 poisoned darts (quivered)
 O - 2 curare-tipped darts {=f}
 Z - 4 silver javelins
Armour
 b - a +0 buckler of protection (worn)
 t - a +0 cloak
 u - a +1 helmet
 y - a +0 pair of boots of rampaging (worn)
 B - a scarf of repulsion (worn)
 C - a +2 ring mail of poison resistance
 G - a +3 leather armour of fire resistance
 I - a +3 chain mail of cold resistance (worn)
 L - +0 steam dragon scales
 N - the +3 scale mail "Viejaja" {rCorr Int+5}
   (You found it on level 13 of the Dungeon)

   Int+5:     It affects your intelligence (+5).
   rCorr:     It protects you from acid and corrosion.
Magical Staves
 E - a staff of air
 M - a staff of death
 U - a staff of conjuration {!a}
Jewellery
 F - a ring of fire
 H - an amulet of faith {!P}
 T - the ring "Luhotzeg" (right hand) {Will++ Dex+6}
   (You found it on level 11 of the Dungeon)

   [ring of dexterity]

   Dex+6:     It affects your dexterity (+6).
   Will++:    It greatly increases your willpower.
 Y - a +4 ring of slaying (left hand)
Talismans
 k - a blade talisman
Wands
 w - a wand of flame (27)
 Q - a wand of charming (6)
 S - a wand of iceblast (5)
Scrolls
 a - a scroll of brand weapon {unknown}
 c - 2 scrolls of enchant weapon {unknown}
 e - 2 scrolls of fog {unknown}
 f - 5 scrolls of teleportation {@r4}
 l - 2 scrolls of silence {unknown}
 n - a scroll of revelation {unknown}
 v - a scroll of vulnerability {unknown}
 J - 2 scrolls of fear
 P - 2 scrolls of blinking {unknown}
Potions
 d - 3 potions of attraction {!q}
 h - 5 potions of curing {@q1}
 i - a potion of magic {unknown}
 j - 2 potions of brilliance
 o - a potion of heal wounds {@q2}
 p - 6 potions of mutation {!q}
 x - 4 potions of might
 z - a potion of cancellation
 A - a potion of lignification {!q}
 W - a potion of enlightenment {unknown}

Dungeon Overview and Level Annotations

Branches:
Dungeon (13/15)            Temple (0/1) D:5            Lair (0/5) D:8
    Orc (0/2) D:10
 Vaults: D:13-14

Altars:
Yredelemnul
Zin
The Shining One
Jiyva

Shops:
D:4 *   D:5 *   D:10 (

Annotations:
D:6 3 runed translucent doors, Kiciri's ghost, novice GnDe

#...# #...#
.#####...######
...............
..>...°..[.. ....°...
#)c.# #)yB# #.@.#
#J..## #....## ##▓
#.....###.▓ #########
#....>.##.▓ #.......#
##.......#.▓ #.#####.#
#.......##.▓
#.#####.####.##.......▓
#.##.........#...####.▓


You could see a boulder beetle (ally target), a meliai, a centaur and a friendly
rockslime (summoned).


Message History

The meliai stings you but does no damage.
You hit the meliai.
The meliai is heavily wounded.
The meliai closely misses you. The meliai misses you.
The meliai calls down the wrath of its god upon you.
Something smites you! The meliai hits you but does no damage.
The meliai closely misses you. The meliai hits you with a +0 war axe.
The meliai stings you but does no damage.
The meliai attacks as you move away! You block the meliai's attack. x2
The centaur shoots an arrow.
The arrow closely misses you. The meliai hits you with a +0 war axe!
* * * LOW HITPOINT WARNING * * *
The meliai misses you. The meliai hits you but does no damage.
The meliai stings you but does no damage.
The centaur shoots an arrow.
The arrow misses you.
You whack the meliai! You bite the meliai, but do no damage.
The meliai is almost dead.
The meliai misses you. The meliai closely misses you.
You block the meliai's attack. The meliai stings you.
* * * LOW HITPOINT WARNING * * *
You whack the meliai!
You kill the meliai!
You block the meliai's attack. The meliai misses you.
The boulder beetle hits you!!
* * * LOW HITPOINT WARNING * * *
You shudder from the blow and a jelly pops out!
The boulder beetle stops rolling and uncurls.
The meliai mumbles some strange prayers to its god against you.
Something smites you!
You die...

Skill      XL: |  1  2  3  4  5  6  7  8  9 10 11 |
---------------+----------------------------------+-----
Invocations    | 1 2 3 4 5 6 7 |  7.7
Short Blades   | 1 2 3 5 7 |  7.0
Long Blades    | 1 2 3 5 7 |  7.0
Axes           | 1 2 3 5 7 |  7.0
Polearms       | 1 2 3 5 7 |  7.0
Staves         | 1 2 3 5 7 |  7.0
Ranged Weapons | 1 2 3 5 7 |  7.0
Throwing       | 1 2 3 5 7 |  7.0
Dodging        | 1 2 3 5 7 |  7.0
Stealth        | 1 2 3 5 7 |  7.0
Unarmed Combat | 1 2 3 5 7 |  7.0
Spellcasting   | 1 2 3 5 7 |  7.0
Evocations     | 1 2 3 5 7 |  7.0
Conjurations   | 1 2 3 4 5 |  5.8
Hexes          | 1 2 3 4 5 |  5.8
Summonings     | 1 2 3 4 5 |  5.8
Necromancy     | 1 2 3 4 5 |  5.8
Translocations | 1 2 3 4 5 |  5.8
Transmutations | 1 2 3 4 5 |  5.8
Fire Magic     | 1 2 3 4 5 |  5.8
Ice Magic      | 1 2 3 4 5 |  5.8
Air Magic      | 1 2 3 4 5 |  5.8
Earth Magic    | 1 2 3 4 5 |  5.8
Poison Magic   | 1 2 3 4 5 |  5.8
Shapeshifting  | 1 2 3 4 5 |  5.8
Fighting       | 3 4 5 6 7 |  7.5
Maces & Flails | 5 6 7 8 |  8.4
Armour         | 7 8 9 |  9.7
Shields        | 9 10 11 | 11.0

Action                     |  1- 3 |  4- 6 |  7- 9 | 10-12 || total
---------------------------+-------+-------+-------+-------++-------
  Melee: Mace              |   146 |    22 |       |       ||   168
         Bite              |     6 |    14 |    34 |    49 ||   103
         Morningstar       |       |   127 |   252 |   260 ||   639
         Demon whip        |       |       |       |    77 ||    77
  Throw: Dart              |       |     5 |       |       ||     5
 Invoke: Oozemancy         |       |       |     2 |     1 ||     3
    Use: Scroll            |       |       |     1 |     8 ||     9
         Potion            |       |       |     1 |       ||     1
   Stab: Sleeping          |       |       |     7 |    30 ||    37
         Distracted        |       |       |     1 |       ||     1
         Confused          |       |       |       |     7 ||     7
 Armour: Scale mail        |    10 |       |       |       ||    10
         Chain mail        |    93 |    87 |   111 |     8 ||   299
         Ring mail         |       |       |    45 |    94 ||   139
  Dodge: Dodged            |    37 |    41 |   125 |   236 ||   439
         Repelled          |       |       |     1 |     4 ||     5
  Block: Buckler           |    38 |    42 |   112 |   139 ||   331

Levels and vault maps discovered:
D:1:      dpeg_arrival_connections, layout_rooms,
          hellmonk_ecumenical_altar_lost_god
D:2:      layout_loops_cross, minmay_misc_feat_chi, minmay_vboxes
D:3:      minmay_general_purpose_star, layout_basic, uniq_sigmund, uniq_grinder
D:4:      minmay_octagon_keep, layout_basic, serial_shops, shop,
          skrybe_limestone_x, nicolae_concentric_dashed_squares_wild, uniq_ijyb,
          uniq_eustachio
D:5:      layout_rooms, tso_metal_star, minmay_temple_entry_junction,
          nicolae_shop_sticking_my_neck_out
D:6:      layout_basic, nicolae_overflow_squiral, serial_rivers,
          chequers_serial_rivers_marsh, chequers_serial_rivers_small_3,
          chequers_serial_rivers_small_b, chequers_serial_rivers_small_b,
          gammafunk_ghost_nasty_kobolds
D:7:      layout_rooms, eino_tiny_chamber, st_stairs_13
D:8:      layout_loops_corners, hellmonk_lair_entry_icy
D:9:      layout_cave_pools, grunt_ministairs_8
D:10:     layout_irregular_city, orc_david_3, grunt_decor_arrowhead
D:11:     layout_cave_pools, serial_co_window_serial, co_window_paths_b,
          co_window_corner_a, co_window_paths_b, co_window_paths_b,
          co_window_paths_a, co_window_corner_a, co_window_cross_2,
          co_window_corner_ca, co_window_2corner, co_window_2corner,
          co_window_corner_cb, minivault_10, hangedman_decor_points,
          minivault_26
D:12:     layout_stronghold, uniq_urug
D:13:     cheibrodos_elevator_heist, layout_loops_cross

Notes
Turn   | Place    | Note
-------+----------+-------------------------------------------
     0 | D:1      | AIAndy the Gnoll Wanderer began the quest for the Orb.
     0 | D:1      | AIAndy set off with the following items: a +0 mace, a +0
                  | buckler of protection, a +0 scale mail, a potion of
                  | attraction {!q}.
     0 | D:1      | Reached XP level 1. HP: 17/17 MP: 1/1
   105 | D:1      | Found a faded altar of an unknown god.
   153 | D:1      | Prayed at the altar of an unknown god.
   153 | D:1      | Became a worshipper of Jiyva Jeffamuu the Shapeless
   153 | D:1      | Reached * piety under Jiyva
   255 | D:1      | Reached XP level 2. HP: 23/23 MP: 2/2
   564 | D:2      | Reached ** piety under Jiyva
   581 | D:2      | Reached XP level 3. HP: 28/28 MP: 3/3
   620 | D:2      | Identified the +0 dagger of Osutwal {venom, rElec Str+3}
   725 | D:2      | Reached skill level 1 in Invocations
   837 | D:2      | Reached skill level 1 in Short Blades
   837 | D:2      | Reached skill level 1 in Long Blades
   837 | D:2      | Reached skill level 1 in Axes
   837 | D:2      | Reached skill level 1 in Polearms
   837 | D:2      | Reached skill level 1 in Staves
   837 | D:2      | Reached skill level 1 in Ranged Weapons
   837 | D:2      | Reached skill level 1 in Throwing
   837 | D:2      | Reached skill level 1 in Dodging
   837 | D:2      | Reached skill level 1 in Stealth
   837 | D:2      | Reached skill level 1 in Unarmed Combat
   837 | D:2      | Reached skill level 1 in Spellcasting
   837 | D:2      | Reached skill level 1 in Evocations
  1282 | D:3      | Reached XP level 4. HP: 32/34 MP: 5/5
  1497 | D:3      | Killed Sigmund
  1609 | D:3      | Reached *** piety under Jiyva
  1661 | D:3      | Reached skill level 1 in Conjurations
  1661 | D:3      | Reached skill level 1 in Hexes
  1661 | D:3      | Reached skill level 1 in Summonings
  1661 | D:3      | Reached skill level 1 in Necromancy
  1661 | D:3      | Reached skill level 1 in Translocations
  1661 | D:3      | Reached skill level 1 in Transmutations
  1661 | D:3      | Reached skill level 1 in Fire Magic
  1661 | D:3      | Reached skill level 1 in Ice Magic
  1661 | D:3      | Reached skill level 1 in Air Magic
  1661 | D:3      | Reached skill level 1 in Earth Magic
  1661 | D:3      | Reached skill level 1 in Poison Magic
  1661 | D:3      | Reached skill level 1 in Shapeshifting
  1738 | D:3      | Noticed Grinder
  1749 | D:3      | Paralysed by Grinder for 5 turns
  1776 | D:3      | Killed Grinder
  1777 | D:3      | Reached skill level 3 in Fighting
  1777 | D:3      | Reached skill level 2 in Short Blades
  1777 | D:3      | Reached skill level 2 in Long Blades
  1777 | D:3      | Reached skill level 2 in Axes
  1777 | D:3      | Reached skill level 5 in Maces & Flails
  1777 | D:3      | Reached skill level 2 in Polearms
  1777 | D:3      | Reached skill level 2 in Staves
  1777 | D:3      | Reached skill level 2 in Ranged Weapons
  1777 | D:3      | Reached skill level 2 in Throwing
  1777 | D:3      | Reached skill level 2 in Dodging
  1777 | D:3      | Reached skill level 2 in Stealth
  1777 | D:3      | Reached skill level 2 in Unarmed Combat
  1777 | D:3      | Reached skill level 2 in Spellcasting
  1777 | D:3      | Reached skill level 2 in Invocations
  1777 | D:3      | Reached skill level 2 in Evocations
  1777 | D:3      | Reached XP level 5. HP: 40/41 MP: 5/8
  1777 | D:3      | Reached XP level 6. HP: 46/47 MP: 5/9
  2179 | D:4      | Reached XP level 7. HP: 52/52 MP: 10/10
  2199 | D:4      | Reached skill level 7 in Armour
  2213 | D:4      | Killed Eustachio
  2243 | D:4      | Killed Ijyb
  2269 | D:4      | Reached skill level 2 in Conjurations
  2269 | D:4      | Reached skill level 2 in Hexes
  2269 | D:4      | Reached skill level 2 in Summonings
  2269 | D:4      | Reached skill level 2 in Necromancy
  2269 | D:4      | Reached skill level 2 in Translocations
  2269 | D:4      | Reached skill level 2 in Transmutations
  2269 | D:4      | Reached skill level 2 in Fire Magic
  2269 | D:4      | Reached skill level 2 in Ice Magic
  2269 | D:4      | Reached skill level 2 in Air Magic
  2269 | D:4      | Reached skill level 2 in Earth Magic
  2269 | D:4      | Reached skill level 2 in Poison Magic
  2269 | D:4      | Reached skill level 2 in Shapeshifting
  2301 | D:4      | Gained mutation: You have acidic saliva. [Jiyva's grace]
  2301 | D:4      | Gained mutation: You have a somewhat thin skeletal
                  | structure. (Dex +2, Stealth+) [Jiyva's grace]
  2301 | D:4      | Gained mutation: You have a moderately thin skeletal
                  | structure. (Dex +4, Stealth++) [Jiyva's grace]
  2301 | D:4      | Gained mutation: You have an unnaturally thin skeletal
                  | structure. (Dex +6, Stealth+++) [Jiyva's grace]
  2347 | D:4      | Found Plog's General Store.
  2356 | D:4      | Bought a scroll of fear for 48 gold pieces
  2356 | D:4      | Bought a +1 helmet for 138 gold pieces
  2434 | D:5      | Entered Level 5 of the Dungeon
  2513 | D:5      | Found a glowing golden altar of the Shining One.
  2519 | D:5      | Reached skill level 9 in Shields
  2523 | D:5      | Reached skill level 3 in Invocations
  2563 | D:5      | Found a staircase to the Ecumenical Temple.
  2582 | D:5      | Reached **** piety under Jiyva
  2666 | D:5      | Found Zosid's Neck Hole.
  3059 | D:6      | Noticed a kobold demonologist
  3059 | D:6      | Noticed Kiciri's ghost (novice GnDe)
  3060 | D:6      | Found a runed translucent gate.
  3060 | D:6      | Found a runed translucent gate.
  3060 | D:6      | Found a runed translucent gate.
  3148 | D:6      | Reached skill level 4 in Fighting
  3148 | D:6      | Reached skill level 3 in Short Blades
  3148 | D:6      | Reached skill level 3 in Long Blades
  3148 | D:6      | Reached skill level 3 in Axes
  3148 | D:6      | Reached skill level 3 in Polearms
  3148 | D:6      | Reached skill level 3 in Staves
  3148 | D:6      | Reached skill level 3 in Ranged Weapons
  3148 | D:6      | Reached skill level 3 in Throwing
  3148 | D:6      | Reached skill level 3 in Dodging
  3148 | D:6      | Reached skill level 3 in Stealth
  3148 | D:6      | Reached skill level 3 in Unarmed Combat
  3148 | D:6      | Reached skill level 3 in Spellcasting
  3148 | D:6      | Reached skill level 3 in Evocations
  3148 | D:6      | Reached XP level 8. HP: 56/60 MP: 12/12
  3150 | D:6      | Found a basalt altar of Yredelemnul.
  3152 | D:6      | Found a glowing silver altar of Zin.
  4269 | D:7      | Reached skill level 4 in Invocations
  4276 | D:7      | Reached skill level 3 in Conjurations
  4276 | D:7      | Reached skill level 3 in Hexes
  4276 | D:7      | Reached skill level 3 in Summonings
  4276 | D:7      | Reached skill level 3 in Necromancy
  4276 | D:7      | Reached skill level 3 in Translocations
  4276 | D:7      | Reached skill level 3 in Transmutations
  4276 | D:7      | Reached skill level 3 in Fire Magic
  4276 | D:7      | Reached skill level 3 in Ice Magic
  4276 | D:7      | Reached skill level 3 in Air Magic
  4276 | D:7      | Reached skill level 3 in Earth Magic
  4276 | D:7      | Reached skill level 3 in Poison Magic
  4276 | D:7      | Reached skill level 3 in Shapeshifting
  4305 | D:7      | Reached skill level 6 in Maces & Flails
  4387 | D:7      | Reached XP level 9. HP: 66/66 MP: 14/14
  4471 | D:7      | Reached skill level 4 in Short Blades
  4471 | D:7      | Reached skill level 4 in Long Blades
  4471 | D:7      | Reached skill level 4 in Axes
  4471 | D:7      | Reached skill level 4 in Polearms
  4471 | D:7      | Reached skill level 4 in Staves
  4471 | D:7      | Reached skill level 4 in Ranged Weapons
  4471 | D:7      | Reached skill level 4 in Throwing
  4471 | D:7      | Reached skill level 4 in Dodging
  4471 | D:7      | Reached skill level 4 in Stealth
  4471 | D:7      | Reached skill level 4 in Unarmed Combat
  4471 | D:7      | Reached skill level 4 in Spellcasting
  4471 | D:7      | Reached skill level 4 in Evocations
  4663 | D:8      | Reached skill level 5 in Fighting
  4676 | D:8      | Noticed a rime drake
  4788 | D:8      | Lost mutation: You have an unnaturally thin skeletal
                  | structure. (Dex +6, Stealth+++) [Jiyva's grace]
  4788 | D:8      | Gained mutation: Your movements are slightly less
                  | encumbered by armour. (ER -2) [Jiyva's grace]
  4788 | D:8      | Gained mutation: Your movements are less encumbered by
                  | armour. (ER -4) [Jiyva's grace]
  4788 | D:8      | Gained mutation: Your movements are significantly less
                  | encumbered by armour. (ER -6) [Jiyva's grace]
  4788 | D:8      | Gained mutation: You have a pair of small antennae on your
                  | head. [Jiyva's grace]
  4811 | D:8      | Found a staircase to the Lair.
  4824 | D:8      | Killed a rime drake
  4824 | D:8      | Noticed a two-headed ogre
  4825 | D:8      | Reached skill level 8 in Armour
  4831 | D:8      | Reached skill level 5 in Invocations
  4834 | D:8      | Killed a two-headed ogre
  4835 | D:8      | Reached skill level 5 in Short Blades
  4835 | D:8      | Reached skill level 5 in Long Blades
  4835 | D:8      | Reached skill level 5 in Axes
  4835 | D:8      | Reached skill level 5 in Polearms
  4835 | D:8      | Reached skill level 5 in Staves
  4835 | D:8      | Reached skill level 5 in Ranged Weapons
  4835 | D:8      | Reached skill level 5 in Throwing
  4835 | D:8      | Reached skill level 5 in Dodging
  4835 | D:8      | Reached skill level 5 in Stealth
  4835 | D:8      | Reached skill level 5 in Unarmed Combat
  4835 | D:8      | Reached skill level 5 in Spellcasting
  4835 | D:8      | Reached skill level 4 in Conjurations
  4835 | D:8      | Reached skill level 4 in Hexes
  4835 | D:8      | Reached skill level 4 in Summonings
  4835 | D:8      | Reached skill level 4 in Necromancy
  4835 | D:8      | Reached skill level 4 in Translocations
  4835 | D:8      | Reached skill level 4 in Transmutations
  4835 | D:8      | Reached skill level 4 in Fire Magic
  4835 | D:8      | Reached skill level 4 in Ice Magic
  4835 | D:8      | Reached skill level 4 in Air Magic
  4835 | D:8      | Reached skill level 4 in Earth Magic
  4835 | D:8      | Reached skill level 4 in Poison Magic
  4835 | D:8      | Reached skill level 5 in Evocations
  4835 | D:8      | Reached skill level 4 in Shapeshifting
  4835 | D:8      | Reached XP level 10. HP: 72/76 MP: 15/17
  4836 | D:8      | Reached skill level 10 in Shields
  4838 | D:8      | Reached skill level 7 in Maces & Flails
  4952 | D:8      | Reached skill level 6 in Fighting
  4963 | D:8      | Reached skill level 6 in Invocations
  5803 | D:9      | Reached ***** piety under Jiyva
  5932 | D:8      | Reached XP level 11. HP: 73/83 MP: 19/19
  5946 | D:9      | Reached skill level 6 in Short Blades
  5946 | D:9      | Reached skill level 6 in Long Blades
  5946 | D:9      | Reached skill level 6 in Axes
  5946 | D:9      | Reached skill level 6 in Polearms
  5946 | D:9      | Reached skill level 6 in Staves
  5946 | D:9      | Reached skill level 6 in Ranged Weapons
  5946 | D:9      | Reached skill level 6 in Throwing
  5946 | D:9      | Reached skill level 9 in Armour
  5946 | D:9      | Reached skill level 6 in Dodging
  5946 | D:9      | Reached skill level 6 in Stealth
  5946 | D:9      | Reached skill level 6 in Unarmed Combat
  5946 | D:9      | Reached skill level 6 in Spellcasting
  5946 | D:9      | Reached skill level 6 in Evocations
  5950 | D:9      | Reached skill level 5 in Conjurations
  5950 | D:9      | Reached skill level 5 in Hexes
  5950 | D:9      | Reached skill level 5 in Summonings
  5950 | D:9      | Reached skill level 5 in Necromancy
  5950 | D:9      | Reached skill level 5 in Translocations
  5950 | D:9      | Reached skill level 5 in Transmutations
  5950 | D:9      | Reached skill level 5 in Fire Magic
  5950 | D:9      | Reached skill level 5 in Ice Magic
  5950 | D:9      | Reached skill level 5 in Air Magic
  5950 | D:9      | Reached skill level 5 in Earth Magic
  5950 | D:9      | Reached skill level 5 in Poison Magic
  5950 | D:9      | Reached skill level 5 in Shapeshifting
  6200 | D:10     | Entered Level 10 of the Dungeon
  6205 | D:10     | Found Cunaw's Armour Emporium.
  6205 | D:10     | Found a staircase to the Orcish Mines.
  6206 | D:10     | Found Pollafym's Weapon Emporium.
  6446 | D:10     | Gained mutation: Your translucent skin slightly reduces
                  | your foes' accuracy. (Stealth+) [Jiyva's grace]
  6446 | D:10     | Gained mutation: Your translucent skin reduces your foes'
                  | accuracy. (Stealth+) [Jiyva's grace]
  6446 | D:10     | Gained mutation: Your transparent skin significantly
                  | reduces your foes' accuracy. (Stealth+) [Jiyva's grace]
  6446 | D:10     | Gained mutation: Your body has grown eyes which may confuse
                  | attackers. (Acc +3) [Jiyva's grace]
  6604 | D:10     | Reached skill level 7 in Invocations
  6863 | D:11     | Identified the +2 buckler of Okawaru's Delight {Rampage
                  | rPois Slay-5}
  6945 | D:11     | Reached skill level 7 in Fighting
  6945 | D:11     | Reached skill level 8 in Maces & Flails
  7279 | D:11     | Reached ****** piety under Jiyva
  7463 | D:11     | Identified the ring "Luhotzeg" {Will++ Dex+6}
  7475 | D:11     | Found the +5 demon whip "Spellbinder" {antimagic, disrupt,
                  | Will+}
  7817 | D:12     | Lost mutation: You have a moderately thin skeletal
                  | structure. (Dex +4, Stealth++) [Jiyva's grace]
  7817 | D:12     | Lost mutation: You have acidic saliva. [Jiyva's grace]
  7817 | D:12     | Lost mutation: Your transparent skin significantly reduces
                  | your foes' accuracy. (Stealth+) [Jiyva's grace]
  7817 | D:12     | Gained mutation: You have a small jelly attached to you
                  | that may absorb projectiles. [Jiyva's grace]
  7817 | D:12     | Gained mutation: You are partially covered in iridescent
                  | scales. (AC +2) [Jiyva's grace]
  7817 | D:12     | Gained mutation: You are mostly covered in iridescent
                  | scales. (AC +4) [Jiyva's grace]
  7817 | D:12     | Gained mutation: You are completely covered in iridescent
                  | scales. (AC +6) [Jiyva's grace]
  8181 | D:12     | Noticed Urug
  8193 | D:12     | Killed Urug
  8194 | D:12     | Reached skill level 11 in Shields
  8303 | D:12     | Noticed a cyclops
  8310 | D:12     | Killed a cyclops
  8311 | D:12     | Reached skill level 7 in Short Blades
  8311 | D:12     | Reached skill level 7 in Long Blades
  8311 | D:12     | Reached skill level 7 in Axes
  8311 | D:12     | Reached skill level 7 in Polearms
  8311 | D:12     | Reached skill level 7 in Staves
  8311 | D:12     | Reached skill level 7 in Ranged Weapons
  8311 | D:12     | Reached skill level 7 in Throwing
  8311 | D:12     | Reached skill level 7 in Dodging
  8311 | D:12     | Reached skill level 7 in Stealth
  8311 | D:12     | Reached skill level 7 in Unarmed Combat
  8311 | D:12     | Reached skill level 7 in Spellcasting
  8311 | D:12     | Reached skill level 7 in Evocations
  8311 | D:12     | Reached XP level 12. HP: 57/91 MP: 7/22
  8706 | D:13     | Identified the +3 scale mail "Viejaja" {rCorr Int+5}
  8775 | D:13     | Noticed a boulder beetle
  8783 | D:13     | HP: 6/91 [boulder beetle (34)]
  8783 | D:13     | Killed from afar by a meliai

Vanquished Creatures
  A two-headed ogre (D:8)
  Urug (D:12)
  A cyclops (D:12)
  A gargoyle (D:12)
  A rime drake (D:8)
  A komodo dragon (D:12)
  5 trolls
  2 meliai (D:13)
  A hornet (D:10)
  Grinder (D:3)
  21 yaks
  2 vampires
  3 wraiths
  10 vampire mosquitoes
  2 steam dragons
  3 acid dragons
  A water moccasin (D:6)
  2 orc warriors
  4 ice beasts (D:8)
  2 sky beasts (D:7)
  2 ogres
  A wolf (D:8)
  2 centaurs
  2 phantoms
  2 kobold brigands (D:11)
  2 bullfrogs (D:7)
  3 scorpions
  12 wights
  6 howler monkeys
  7 orc priests
  2 hounds (D:6)
  A sleepcap (D:6)
  2 iguanas
  12 orc wizards
  4 gnolls (D:8)
  11 adders
  2 shadow imps
  An ufetubus (D:5)
  A dart slug (D:1)
  33 orcs
  2 bats
  2 giant cockroaches
  11 goblins
  10 hobgoblins
  10 kobolds
  4 quokkas
  7 ball pythons
  4 frilled lizards
  6 rats
229 creatures vanquished.

Vanquished Creatures (others)
  A deep elf pyromancer (D:13)
  Sigmund (D:3)
  Eustachio (D:4)
  A yak (D:10)
  A human (shapeshifter) (D:13)
  A black bear (D:4)
  A phantom (D:4)
  7 jellies
  A sleepcap (D:6)
  An iguana (D:4)
  Ijyb (D:4)
  A white imp (D:7)
  2 orcs
  3 endoplasms
  A giant cockroach (D:3)
  A goblin (D:2)
  2 hobgoblins (D:4)
  A kobold (D:1)
  A quokka (D:2)
  4 ball pythons
  2 bats
  A rat (D:1)
36 creatures vanquished.

Grand Total: 265 creatures vanquished

Table legend: (Time is in decaauts)
 A = Elapsed time spent in this place.
 B = Non-inter-level travel time spent in this place.
 C = Inter-level travel time spent in this place.
 D = Time resting spent in this place.
 E = Time spent auto-exploring this place.
 F = Levels seen in this place.
 G = Mean time per level.
                   A        B        C        D        E       F      G
               +--------+--------+--------+--------+--------+-----+--------+
         Total |   8943 |   8483 |    460 |     19 |   6131 |  13 |  687.9 |
       Dungeon |   8943 |   8483 |    460 |     19 |   6131 |  13 |  687.9 |
               +--------+--------+--------+--------+--------+-----+--------+

Top non-repeatable levels by time:
     D:6: 1173 daAuts
     D:8: 1019 daAuts
    D:11: 936 daAuts
    D:12: 883 daAuts
     D:3: 786 daAuts
     D:2: 748 daAuts
    D:10: 651 daAuts
     D:5: 599 daAuts
     D:9: 592 daAuts
     D:1: 552 daAuts
     D:7: 473 daAuts
     D:4: 426 daAuts
    D:13: 101 daAuts

Table legend:
 A = Non-vault XP
 B = Vault XP
 C = Vault XP percentage of total XP
 D = Non-vault monster count
 E = Vault monster count
 F = Vault count percentage of total count
                 A         B        C        D         E       F
            +---------+---------+-------+---------+---------+-------
      Total |   16714 |    2563 |  13.3 |     203 |      29 |  12.5
            +---------+---------+-------+---------+---------+-------
        D:1 |      24 |       0 |   0.0 |      12 |       0 |   0.0
        D:2 |      53 |       4 |   7.0 |      18 |       2 |  10.0
        D:3 |      68 |     277 |  80.3 |      23 |       4 |  14.8
        D:4 |     189 |     178 |  48.5 |      11 |       7 |  38.9
        D:5 |     309 |       0 |   0.0 |      10 |       0 |   0.0
        D:6 |     556 |       0 |   0.0 |      12 |       0 |   0.0
        D:7 |    1165 |       0 |   0.0 |      12 |       0 |   0.0
        D:8 |    4469 |    1019 |  18.6 |      35 |       6 |  14.6
        D:9 |    1622 |     138 |   7.8 |      18 |       5 |  21.7
       D:10 |    2373 |     145 |   5.8 |      20 |       4 |  16.7
       D:11 |    2077 |       0 |   0.0 |      19 |       0 |   0.0
       D:12 |    3214 |     802 |  20.0 |      11 |       1 |   8.3
       D:13 |     595 |       0 |   0.0 |       2 |       0 |   0.0
            +---------+---------+-------+---------+---------+-------
